cohdb
Replays
Latest Replays
All Replays
Popular Replays
Top Player Replays
Match Explorer
How It Works
Community
CoH3 Stats
Reddit
Sign in to upload your games and track your stats! →
Sign in with Steam
Match 40158490
Unlisted
Match 40158490
Overview
Messages
Build Orders
End
Panzergrenadier Squad
250 Light Carrier
Panzergrenadier Squad
Construct Light Support Kompanie
Panzerpioneer Squad
Selects Panzerjäger Kommand Battlegroup
Selects GrB 39 Grenade Launcher Requisition
Selects Mine Fields
Combat Half-tracks
Construct Mechanized Kompanie
Support Armor Elements
Panzerjäger Mechanized Group
StuG III D Assault Gun
Marder III Tank Destroyer
Selects Defensive Positions
Veteran Squad Leaders
Vehicle Survival Package
StuG III D Assault Gun
2.5-tonne Medical Truck
2.5-tonne Medical Truck
MG34 Team
Selects Butterfly Bomb Drop
Selects Crew Shock Tactics
18-tonne Recovery Half-track
Panzerpioneer Squad
le.IG 18 Mechanized Group
Panzergrenadier Squad
StuG III D Assault Gun
Rapid Advance
Butterfly Bomb Drop
StuG III D Assault Gun
Panzergrenadier Squad
Panzerpioneer Squad
Selects Anti-tank Overwatch
Anti-tank Overwatch
18-tonne Recovery Half-track
2.5-tonne Medical Truck
MG34 Team
MG34 Team
Anevan
ZIZI
Raspberry
Particycles
=7Cav=PVT.Pick.S
Mila!
0
0
Comments
sign in to comment!
No comments posted yet!